 Dungeon Crawl Stone Soup version 0.29-a0-340-g6efceafd81 (webtiles) character file.

Game seed: 5653867645653487104

511 garrulousMonolith the Poker (level 6, 0/72 HPs)
             Began as a Demonspawn Fighter on Apr 20, 2022.
             Succumbed to a water moccasin's poison
             ... on level 4 of the Dungeon.
             The game lasted 00:04:01 (3375 turns).

garrulousMonolith the Poker (Demonspawn Fighter)    Turns: 3375, Time: 00:04:01

Health: 0/72       AC: 15    Str: 20 (22) XL:     6   Next: 99%
Magic:  6/6        EV:  6    Int:  9 (12) God:
Gold:   208        SH: 12    Dex: 10 (12) Spells: 5/5 levels left

rFire   . . .      SeeInvis .   v - +3 short sword (venom)
rCold   . . .      Faith    .   o - +0 kite shield
rNeg    . . .      Spirit   .   y - +0 chain mail
rPois   .          Reflect  .   (helmet restricted)
rElec   .          Harm     .   A - +0 cloak
rCorr   .          Rampage  .   (no gloves)
Will    .....                   u - +0 pair of boots
Stlth   ..........              (no amulet)
HPRegen 0.22/turn               g - +6 ring of strength
MPRegen 0.10/turn               (no ring)

@: berserking, lethally poisoned (0 -> -7), very quick
A: horns 1, icemail 1, condensation shield
a: no special abilities


You were on level 4 of the Dungeon.
You visited 1 branch of the dungeon, and saw 4 of its levels.

You collected 208 gold pieces.

Inventory:

Hand Weapons
 a - a +0 trident
 h - a +1 dagger of flaming
 s - a +2 vampiric hand axe
 v - a +3 short sword of venom (weapon)
Armour
 c - a +0 buckler
 o - a +0 kite shield (worn)
 u - a +0 pair of boots (worn)
 y - a +0 chain mail (worn)
 A - a +0 cloak (worn)
Magical Staves
 p - a staff of air
Jewellery
 g - a +6 ring of strength (left hand)
Scrolls
 e - a scroll of enchant weapon
 i - a scroll of fear {unknown}
 j - a scroll of teleportation
 l - 2 scrolls of enchant armour {unknown}
 m - 2 scrolls of vulnerability {unknown}
 n - 5 scrolls of identify {unknown}
 q - 2 scrolls of fog {unknown}
 t - a scroll of magic mapping {unknown}
 w - a scroll of noise {unknown}
 z - a scroll of blinking {unknown}
Potions
 d - 2 potions of might
 k - a potion of haste {unknown}
 x - a potion of lignification {unknown}


   Skills:
 + Level 4.1 Fighting
 * Level 4.2 Polearms
 + Level 3.8 Armour
 + Level 2.4 Dodging
 + Level 3.8 Shields


You had 5 spell levels left.
You didn't know any spells.
Your spell library contained the following spells:

 Spells                   Type           Power      Damage    Failure   Level
 Slow                     Hex            0%         N/A       100%        1
 Confusing Touch          Hex            0%         N/A       100%        3
 Gell's Gravitas          Tloc           0%         N/A       100%        3
 Teleport Other           Tloc           0%         N/A       100%        3
 Vampiric Draining        Necr           0%         2d6       100%        3
 Dispersal                Tloc           0%         N/A       100%        6


Dungeon Overview and Level Annotations

Branches:
Dungeon (4/15)
 Temple: D:4-7

Altars:
Elyvilon


Innate Abilities, Weirdness & Mutations

You have a pair of small horns on your head.
A meltable icy envelope protects you from harm. (AC +4)
A meltable shield of frost defends you. (SH +4)


Message History

You are more poisoned.
The water moccasin poisons you!
You barely miss the water moccasin.
The water moccasin is severely wounded.
You feel very sick. You block the water moccasin's attack.
You miss the water moccasin.
The water moccasin is severely wounded.
You feel sick. The water moccasin barely misses you.
You miss the water moccasin.
Your headbutt misses the water moccasin.
The water moccasin is severely wounded.
You feel sick. The water moccasin bites you.
* * * LOW HITPOINT WARNING * * *
You are lethally poisoned!
The water moccasin poisons you!
You closely miss the water moccasin.
The water moccasin is severely wounded.
* * * LOW HITPOINT WARNING * * *
You feel very sick.
The water moccasin bites you but does no damage.
You block the water moccasin's attack.
You hit the water moccasin.
The water moccasin is almost dead.
* * * LOW HITPOINT WARNING * * *
You feel sick. You block the water moccasin's attack.
You are too berserk!
You are too berserk!
You puncture the water moccasin!
You kill the water moccasin!
* * * LOW HITPOINT WARNING * * *
You feel very sick.
The kobold throws a stone.
The stone hits you but does no damage.
You feel your dexterity returning.
Your Fighting skill increases to level 4!
* * * LOW HITPOINT WARNING * * *
You feel sick. The kobold hits you with a +0 dagger.
* * * LOW HITPOINT WARNING * * *
You closely miss the kobold.
You die...

..........oS....?.)..##........[
#.....####K####.## #............
#...#..# #.# ####.....<>..
###...## #.# #......... #..##
#.# #......... ##.†## #.#
#......... #....# #.# #####..###
#..##o## #.# ##.## #.# #.K####@#
#..# ... ##...##K# ##.# .###
###...o# #># # ###..# #.# #..#
#.## ##.#### #.#. #[...# ####.#.
#.##.#######......
#.##..^......####.


You could see an orc and a kobold.

Vanquished Creatures
  A steam dragon (D:4)
  A water moccasin (D:4)
  An ogre (D:4)
  An iguana (D:4)
  An orc wizard (D:3)
  4 gnolls (D:3)
  4 adders
  A worm (D:3)
  A dart slug (D:3)
  4 orcs
  6 endoplasms
  5 giant cockroaches
  9 goblins
  3 hobgoblins
  9 kobolds
  A quokka (D:2)
  7 ball pythons
  7 bats
  3 frilled lizards
  5 rats
74 creatures vanquished.

Vanquished Creatures (others)
  3 plants (D:4)
3 creatures vanquished.

Grand Total: 77 creatures vanquished

Notes
Turn   | Place    | Note
-------+----------+-------------------------------------------
     0 | D:1      | garrulousMonolith the Demonspawn Fighter began the quest
                  | for the Orb.
     0 | D:1      | Reached XP level 1. HP: 18/18 MP: 1/1
   113 | D:1      | Gained mutation: A meltable shield of frost defends you.
                  | (SH +4) [demonic ancestry]
   113 | D:1      | Reached XP level 2. HP: 24/24 MP: 2/2
  1128 | D:2      | Gained mutation: You have a pair of small horns on your
                  | head. [demonic ancestry]
  1128 | D:2      | Reached XP level 3. HP: 29/29 MP: 3/3
  1358 | D:2      | Reached skill level 1 in Dodging
  1994 | D:3      | Reached XP level 4. HP: 17/35 MP: 4/4
  2682 | D:3      | Reached XP level 5. HP: 24/41 MP: 5/5
  3057 | D:4      | Noticed an ogre
  3064 | D:4      | Killed an ogre
  3065 | D:4      | Gained mutation: A meltable icy envelope protects you from
                  | harm. (AC +4) [demonic ancestry]
  3065 | D:4      | Reached XP level 6. HP: 22/48 MP: 6/6
  3323 | D:4      | Noticed a steam dragon
  3336 | D:4      | Killed a steam dragon
  3340 | D:4      | Noticed a water moccasin
  3373 | D:4      | Killed a water moccasin
  3374 | D:4      | HP: 3/72 [poisoned by a water moccasin]
  3375 | D:4      | Succumbed to a water moccasin's poison

Illustrated notes

Levels and vault maps discovered:
D:1:      beargit_arrival_greenhouse, layout_basic,
          chequers_serial_rivers_micro_b, chequers_decorated_corner
D:2:      layout_basic, minmay_tree_intersection, uniq_crazy_yiuf_cottage
D:3:      layout_basic, mainiacjoe_overflow_concentric_impassable,
          minmay_misc_feat_four_crosses, minmay_misc_feat_rugged,
          hangedman_decor_clover_reticule
D:4:      layout_rooms, serial_bayou, serial_bayou_pond_d, serial_bayou_pond_a,
          serial_bayou_pond_b, serial_bayou_pond_a, serial_bayou_pond_b,
          serial_bayou_shore_b

Skill      XL: |  1  2  3  4  5  6 |
---------------+-------------------+-----
Polearms       | 2 3 4 |  4.2
Shields        | 3 |  3.8
Dodging        | 1 2 |  2.4
Armour         | 3 |  3.8
Fighting       | 4 |  4.1

Action                   |  1- 3 |  4- 6 || total
-------------------------+-------+-------++-------
Melee: Trident           |   122 |    56 ||   178
       Headbutt          |     9 |    20 ||    29
       Short sword       |       |    45 ||    45
  Use: Scroll            |     1 |     1 ||     2
       Potion            |     1 |     2 ||     3
Armor: Scale mail        |    34 |    27 ||    61
       Chain mail        |       |    10 ||    10
Dodge: Dodged            |    25 |    18 ||    43
Block: Buckler           |    15 |       ||    15
       Kite shield       |    33 |    65 ||    98

Table legend: (Time is in decaauts)
 A = Elapsed time spent in this place.
 B = Non-inter-level travel time spent in this place.
 C = Inter-level travel time spent in this place.
 D = Time resting spent in this place.
 E = Time spent auto-exploring this place.
 F = Levels seen in this place.
 G = Mean time per level.
                   A        B        C        D        E       F      G
               +--------+--------+--------+--------+--------+-----+--------+
         Total |   3440 |   3346 |     94 |    504 |   2174 |   4 |  860.0 |
       Dungeon |   3440 |   3346 |     94 |    504 |   2174 |   4 |  860.0 |
               +--------+--------+--------+--------+--------+-----+--------+

Top non-repeatable levels by time:
     D:2: 1191 daAuts
     D:3: 1003 daAuts
     D:1: 716 daAuts
     D:4: 529 daAuts
